 Dungeon Crawl Stone Soup version 0.28-a0-511-gcc94558de3 (webtiles) character file.

Game seed: 10746167779939111370

84 omnomnOMINOUS the Chopper (level 4, 0/29 HPs)
             Began as an Octopode Wanderer on Sept 16, 2021.
             Was a Follower of Fedhas.
             Slain by a gnoll (12 damage)
             ... on level 2 of the Dungeon on Sept 21, 2021.
             The game lasted 00:03:57 (1966 turns).

omnomnOMINOUS the Chopper (Octopode Wanderer)       Turns: 1966, Time: 00:03:58

Health: 0/29       AC:  1    Str: 14    XL:     4   Next: 45%
Magic:  7/7        EV: 12    Int: 15    God:    Fedhas [*.....]
Gold:   92         SH:  0    Dex:  8    Spells: 7/7 levels left

rFire   . . .      SeeInvis .   a - +2 short sword
rCold   . . .      Faith    .   (no shield)
rNeg    . . .      Spirit   .   (helmet restricted)
rPois   .          Reflect  .   (no amulet)
rElec   .          Harm     .   k - ring of willpower
rCorr   .          Rampage  .   (no ring)
Will    +....                   (no ring)
Stlth   ++........              (no ring)
HPRegen 0.09/turn               (no ring)
MPRegen 0.10/turn               (no ring)
                                (no ring)
                                (no ring)

@: no status effects
A: almost no armour, amphibious, 8 rings, camouflage 1, gelatinous body 1,
(nimble swimmer 1), tentacles
a: Renounce Religion


You were on level 2 of the Dungeon.
You worshipped Fedhas.
Fedhas was aware of your devotion.
You visited 1 branch of the dungeon, and saw 2 of its levels.

You collected 92 gold pieces.

Inventory:

Hand Weapons
 a - a +2 short sword (weapon)
 b - a +0 dagger of draining
 c - a +0 hand axe
Jewellery
 k - a ring of willpower (left tentacle)
Scrolls
 e - a scroll of fear {unknown}
 f - 3 scrolls of teleportation
 h - a scroll of magic mapping {unknown}
 l - a scroll of enchant armour {unknown}
Potions
 d - a potion of mutation {unknown}
 g - a potion of ambrosia {unknown}
 i - a potion of berserk rage {unknown}
 j - a potion of heal wounds {unknown}


   Skills:
 + Level 2.1 Fighting
 - Level 3.0 Short Blades
 - Level 4.0 Axes
 - Level 1.0 Throwing
 + Level 1.6 Dodging
 - Level 1.3 Stealth
 * Level 2.4 Spellcasting


You had 7 spell levels left.
You didn't know any spells.
Your spell library was empty.

Dungeon Overview and Level Annotations

Branches:
Dungeon (2/15)

Altars:
Fedhas


Innate Abilities, Weirdness & Mutations

You cannot wear most types of armour.
You are amphibious.
You can wear up to eight rings at the same time.
Your skin changes colour to match your surroundings (Stealth+).
Your rubbery body absorbs attacks. (AC +1, EV +1)
((You are camouflaged near water. (Stealth+)))
You have tentacles for arms and can constrict up to eight enemies at once.


Message History

The goblin hits you with a +0 long sword!
You barely miss the goblin. Your grab misses the goblin.
Your squeeze misses the goblin. The goblin completely misses you.
You barely miss the goblin. Your grab misses the goblin. The goblin misses you.
You hit the goblin.
You kill the goblin!
Fedhas appreciates your contribution to the ecosystem.
No target in view!
No target in view!
You now have 92 gold pieces (gained 18).
Things that are here:
a +0 long sword; a goblin corpse You start resting.
HP restored.
A kobold comes into view. It is wielding a +0 short sword.
Found a dagger.
The kobold shouts!
The kobold hits you with a +0 short sword.
You hit the kobold.
You kill the kobold!
Fedhas appreciates your contribution to the ecosystem.
No target in view!
Things that are here:
a +0 short sword; a kobold corpse You open the door. 3 gnolls come into view.
The gnoll shouts! x3
Found a sapphire potion.
There is an open door here.
You hit the gnoll. Your grab misses the gnoll. You squeeze the gnoll.
The gnoll is moderately wounded.
You hit the gnoll. You grab the gnoll.
The gnoll is lightly wounded.
You constrict the gnoll, but do no damage.
The gnoll hits you with a +0 flail! The gnoll hits you with a +0 club!
You hit the gnoll.
The gnoll is heavily wounded.
You constrict the gnoll. The gnoll hits you with a +0 flail!
You die...
Fedhas appreciates your contribution to the ecosystem.

#..............)..
#.####.#########.#
#)...)............
#...############.#
########.................
.........#............#.#
##########............#.#
#.ggg......#####..#.#
########.##@......#
#..#.#
...!...#.##.......#
#..#)#
....g.gg.##.......#
#..#.#
.......############
#..#.# ....### #..... ###
#..†.. #..... #.....
#.....


You could see 3 gnolls.

Vanquished Creatures
  Natasha (D:2)
  3 gnolls (D:2)
  A dart slug (D:1)
  3 ball pythons
  2 endoplasms (D:1)
  A giant cockroach (D:1)
  3 goblins
  3 hobgoblins
  A quokka (D:1)
  2 bats (D:1)
  2 frilled lizards
  3 kobolds
  6 rats (D:1)
31 creatures vanquished.

Notes
Turn   | Place    | Note
-------+----------+-------------------------------------------
     0 | D:1      | omnomnOMINOUS the Octopode Wanderer began the quest for the
                  | Orb.
     0 | D:1      | omnomnOMINOUS set off with the following items: a +2 short
                  | sword, a +0 hand axe, a scroll of teleportation
     0 | D:1      | Reached XP level 1. HP: 13/13 MP: 1/1
   268 | D:1      | Reached XP level 2. HP: 9/18 MP: 3/3
   424 | D:1      | Reached skill level 1 in Spellcasting
   831 | D:1      | Reached skill level 1 in Dodging
   961 | D:1      | Upgraded the game from 0.28-a0-474-g535839065c to
                  | 0.28-a0-511-gcc94558de3
  1213 | D:2      | Noticed Natasha
  1223 | D:2      | Killed Natasha
  1224 | D:2      | Reached XP level 3. HP: 8/24 MP: 4/6
  1583 | D:2      | Reached XP level 4. HP: 20/29 MP: 7/7
  1719 | D:2      | Found a faded altar of an unknown god.
  1721 | D:2      | Became a worshipper of Fedhas Madash
  1721 | D:2      | Reached * piety under Fedhas
  1966 | D:2      | Slain by a gnoll

Illustrated notes

Levels and vault maps discovered:
D:1:      minmay_arrival_diagonal_passages, layout_loops_ring
D:2:      minmay_thinvault, layout_basic, chequers_ecumenical_altar_twisty,
          basic_altar, uniq_jessica, uniq_natasha

Skill      XL: |  1  2  3 |
---------------+----------+-----
Spellcasting   | 2 |  2.4
Dodging        | 1 |  1.6
Fighting       | 2 |  2.1
Short Blades   | |  3.0
Axes           | |  4.0
Throwing       | |  1.0
Stealth        | |  1.3

Action                   |  1- 3 |  4- 6 || total
-------------------------+-------+-------++-------
Melee: Short sword       |    52 |    14 ||    66
       Constrict         |    13 |     2 ||    15
       Dagger            |     2 |       ||     2
       Tentacles         |     5 |     3 ||     8
 Stab: Sleeping          |     7 |       ||     7
Armor: Skin              |     1 |       ||     1
Dodge: Dodged            |    36 |     6 ||    42

Table legend: (Time is in decaauts)
 A = Elapsed time spent in this place.
 B = Non-inter-level travel time spent in this place.
 C = Inter-level travel time spent in this place.
 D = Time resting spent in this place.
 E = Time spent auto-exploring this place.
 F = Levels seen in this place.
 G = Mean time per level.
                   A        B        C        D        E       F      G
               +--------+--------+--------+--------+--------+-----+--------+
         Total |   1960 |   1930 |     30 |    324 |   1337 |   2 |  980.0 |
       Dungeon |   1960 |   1930 |     30 |    324 |   1337 |   2 |  980.0 |
               +--------+--------+--------+--------+--------+-----+--------+

Top non-repeatable levels by time:
     D:1: 1116 daAuts
     D:2: 844 daAuts
